 Dungeon Crawl Stone Soup version 0.23-a0-556-g351818a (webtiles) character file.

154 zishaf the Poker (level 5, 0/42 HPs)
             Began as a Merfolk Gladiator on Dec 10, 2018.
             Succumbed to an orc's poison
             ... on level 3 of the Dungeon.
             The game lasted 00:04:30 (1804 turns).

zishaf the Poker (Merfolk Gladiator)                Turns: 1804, Time: 00:04:31

Health: 0/42       AC:  6    Str: 15    XL:     5   Next: 35%
Magic:  5/5        EV: 13    Int:  8    God:
Gold:   112        SH:  0    Dex: 15    Spells: 4/4 levels left

rFire    . . .     SeeInvis .   a - +0 trident
rCold    . . .     Gourm    .   (no shield)
rNeg     . . .     Faith    .   h - +0 ring mail
rPois    .         Spirit   .   c - +0 helmet
rElec    .         Reflect  .   g - scarf {cloud immunity}
rCorr    .         Harm     .   (no gloves)
MR       .....                  (no boots)
Stlth    +.........             (no amulet)
HPRegen  0.14/turn              (no ring)
MPRegen  0.09/turn              (no ring)

@: lethally poisoned (0 -> -7)
A: change form in water, swift swim, stealthy swim
a: no special abilities


You were on level 3 of the Dungeon.
You were not hungry.

You visited 1 branch of the dungeon, and saw 3 of its levels.

You collected 112 gold pieces.

Inventory:

Hand Weapons
 a - a +0 trident (weapon)
Missiles
 d - 3 throwing nets (quivered)
Armour
 b - a +0 leather armour
 c - a +0 helmet (worn)
 g - a scarf of cloud immunity (worn)
 h - a +0 ring mail (worn)
Scrolls
 k - a scroll of immolation {unknown}
 l - 3 scrolls of teleportation {unknown}
 n - a scroll of enchant weapon {unknown}
 p - a scroll of random uselessness {unknown}
 q - 2 scrolls of identify {unknown}
 r - 3 scrolls of remove curse {unknown}
 x - a scroll of fear {unknown}
Potions
 e - a potion of cancellation {unknown}
 i - a potion of agility {unknown}
 j - 2 potions of curing {unknown}
 m - a potion of ambrosia {unknown}
 o - a potion of brilliance {unknown}
 s - 3 potions of mutation {unknown}
 t - a potion of haste {unknown}
 u - a potion of heal wounds {unknown}
 v - a potion of degeneration {unknown}
 z - a potion of magic {unknown}
Comestibles
 f - 5 rations
 w - 4 chunks of flesh


   Skills:
 * Level 4.1 Fighting
 * Level 6.3 Polearms
 - Level 2.0 Throwing
 + Level 5.0 Dodging


You had 4 spell levels left.
You didn't know any spells.
Your spell library was empty.

Dungeon Overview and Level Annotations

Branches:
Dungeon (3/15)

Altars:


Message History

Pain shoots through your body!
The orc hits you with a +2 hand axe of venom.
You hit the orc but do no damage.
The orc is heavily wounded.
The orc hits you with a +2 hand axe of venom.
You are more poisoned.
You feel sick.
You feel sick.
The orc priest calls down the wrath of Beogh upon you.
Beogh smites you!
* * * LOW HITPOINT WARNING * * *
* * * LOW HITPOINT WARNING * * *
You feel sick.
* * * LOW HITPOINT WARNING * * *
You feel sick.
* * * LOW HITPOINT WARNING * * *
You feel sick.
* * * LOW HITPOINT WARNING * * *
You feel sick.
You die...

#......#.# #......#.#
####....#.#.# ...........#
#####..###.#######
#.............)... #.
.###.#).......... #.
#........#######
#.##+#o#@............
#.#....#...<#.#######
#o#..o.#.#.##.#
#.#.o..#.#.##.#
#####'##.#.###.##.#
#........#.###.##.#
+.....>...........########
#........#................
#........#####.###########


There were no monsters in sight!

Vanquished Creatures
  A scorpion (D:2)
  Jessica (D:2)
  5 adders
  A dart slug (D:1)
  An orc (D:3)
  7 bats
  A giant cockroach (D:1)
  A goblin (D:1)
  3 hobgoblins (D:1)
  5 frilled lizards
  7 kobolds
  2 rats (D:1)
35 creatures vanquished.

Notes
Turn   | Place    | Note
-------+----------+-------------------------------------------
     0 | D:1      | zishaf the Merfolk Gladiator began the quest for the Orb.
     0 | D:1      | Reached XP level 1. HP: 16/16 MP: 1/1
   105 | D:1      | Reached XP level 2. HP: 23/23 MP: 2/2
   561 | D:1      | Reached skill level 5 in Polearms
   671 | D:2      | Noticed Jessica
   683 | D:2      | Killed Jessica
   683 | D:2      | Reached XP level 3. HP: 17/29 MP: 3/3
   694 | D:2      | Reached XP level 4. HP: 16/35 MP: 4/4
  1102 | D:2      | Reached skill level 6 in Polearms
  1615 | D:2      | Reached XP level 5. HP: 40/42 MP: 5/5
  1786 | D:3      | Reached skill level 5 in Dodging
  1801 | D:3      | HP: 2/42 [poisoned by an orc]
  1804 | D:3      | Succumbed to an orc's poison

Vault maps used:
D:1:      dpeg_arrival_shrine, minivault_24
D:2:      first_ration, uniq_jessica
D:3:      ebering_ghost_sewer_d, cheibrodos_ashenzari_chains

Skill      XL: |  1  2  3  4  5 |
---------------+----------------+-----
Polearms       | 5 6 |  6.3
Fighting       | 3 4 |  4.1
Dodging        | 5 |  5.0
Throwing       | |  2.0

Action                   |  1- 3 |  4- 6 || total
-------------------------+-------+-------++-------
Melee: Trident           |    57 |    64 ||   121
  Eat: Ration            |       |     1 ||     1
Armor: Leather armour    |     2 |       ||     2
       Ring mail         |    12 |    19 ||    31
Dodge: Dodged            |    20 |    38 ||    58

Table legend:
 A = Non-vault XP
 B = Vault XP
 C = Vault XP percentage of total XP
 D = Non-vault monster count
 E = Vault monster count
 F = Vault count percentage of total count
                 A         B        C        D         E       F
            +---------+---------+-------+---------+---------+-------
      Total |     183 |      37 |  16.8 |      34 |       1 |   2.9
            +---------+---------+-------+---------+---------+-------
        D:1 |      27 |       0 |   0.0 |      17 |       0 |   0.0
        D:2 |     140 |      37 |  20.9 |      15 |       1 |   6.2
        D:3 |      16 |       0 |   0.0 |       2 |       0 |   0.0
            +---------+---------+-------+---------+---------+-------
